Workbook

Sheet How to Use
A1: How to Use — OKR / Goal Tracker
A2: by ExcelGuru.io | Turn objectives into measurable progress everyone can see.
A4: What this template does
A5: Track objectives and their key results, then calculate progress and a clear status for each one automatically.
A7: Sheet 1 — OKRs
A8: Enter each key result with its start, current and target value. Progress and status calculate from how far you have moved toward the target.
A10: Sheet 2 — Dashboard
A11: See average progress, how many key results are complete or on track, and progress for each one.
A13: Colour guide
A14: Green means Complete or On Track, amber means At Risk, and red means Behind. Focus your energy on the red and amber results.
A16: Tips
A17: Keep key results measurable with a real number. Update current values weekly so the status reflects reality.

Sheet Dashboard
A1: OKR / GOAL TRACKER — DASHBOARD
A3: Key Results | C3: Avg Progress | E3: Complete | G3: On Track
A4: =COUNTA(OKRs!C4:C43) -> 12 | C4: =IFERROR(AVERAGE(OKRs!H4:H43),0) -> 0.64652778 | E4: =COUNTIF(OKRs!I4:I43,"Complete") -> 2 | G4: =COUNTIF(OKRs!I4:I43,"On Track") -> 1
A6: At Risk + Behind | C6: Objectives
A7: =COUNTIF(OKRs!I4:I43,"At Risk")+COUNTIF(OKRs!I4:I43,"Behind") -> 9 | C7: =SUMPRODUCT((OKRs!B4:B43<>"")/COUNTIF(OKRs!B4:B43,OKRs!B4:B43&"")) -> 6
A10: Key Results by Status | D10: Progress by Key Result
A11: Status | B11: Count | D11: Key Result | E11: Progress
A12: Complete | B12: =COUNTIF(OKRs!I4:I43,"Complete") -> 2 | D12: =OKRs!C4 -> Sign new logos | E12: =OKRs!H4 -> 0.6
A13: On Track | B13: =COUNTIF(OKRs!I4:I43,"On Track") -> 1 | D13: =OKRs!C5 -> Increase pipeline | E13: =OKRs!H5 -> 0.625
A14: At Risk | B14: =COUNTIF(OKRs!I4:I43,"At Risk") -> 8 | D14: =OKRs!C6 -> Cut incidents | E14: =OKRs!H6 -> 0.91666667
A15: Behind | B15: =COUNTIF(OKRs!I4:I43,"Behind") -> 1 | D15: =OKRs!C7 -> Raise uptime | E15: =OKRs!H7 -> 0.66666667
D16: =OKRs!C8 -> Grow web traffic | E16: =OKRs!H8 -> 0.55
D17: =OKRs!C9 -> Lift email subs | E17: =OKRs!H9 -> 0.25
D18: =OKRs!C10 -> Reduce cost per order | E18: =OKRs!H10 -> 0.5
D19: =OKRs!C11 -> Speed up fulfilment | E19: =OKRs!H11 -> 1
D20: =OKRs!C12 -> Cut time to hire | E20: =OKRs!H12 -> 0.65
D21: =OKRs!C13 -> Raise engagement | E21: =OKRs!H13 -> 0.4
D22: =OKRs!C14 -> Close books faster | E22: =OKRs!H14 -> 1
D23: =OKRs!C15 -> Cut overdue invoices | E23: =OKRs!H15 -> 0.6

Sheet OKRs
A1: OKR / Goal Tracker — progress & status auto-calculate from your metrics
A3: Owner | B3: Objective | C3: Key Result | D3: Metric | E3: Start | F3: Current | G3: Target | H3: Progress | I3: Status | J3: Quarter | K3: Confidence
A4: Sales | B4: Grow new revenue | C4: Sign new logos | D4: Logos | E4: 0 | F4: 9 | G4: 15 | H4: =IF(OR(E4="",(G4-E4)=0),"",(F4-E4)/(G4-E4)) -> 0.6 | I4: =IF(H4="","",IF(H4>=1,"Complete",IF(H4>=0.7,"On Track",IF(H4>=0.4,"At Risk","Behind")))) -> At Risk | J4: Q2 2026 | K4: Medium
A5: Sales | B5: Grow new revenue | C5: Increase pipeline | D5: $M | E5: 2 | F5: 4.5 | G5: 6 | H5: =IF(OR(E5="",(G5-E5)=0),"",(F5-E5)/(G5-E5)) -> 0.625 | I5: =IF(H5="","",IF(H5>=1,"Complete",IF(H5>=0.7,"On Track",IF(H5>=0.4,"At Risk","Behind")))) -> At Risk | J5: Q2 2026 | K5: High
A6: Engineering | B6: Improve reliability | C6: Cut incidents | D6: Incidents/mo | E6: 20 | F6: 9 | G6: 8 | H6: =IF(OR(E6="",(G6-E6)=0),"",(F6-E6)/(G6-E6)) -> 0.91666667 | I6: =IF(H6="","",IF(H6>=1,"Complete",IF(H6>=0.7,"On Track",IF(H6>=0.4,"At Risk","Behind")))) -> On Track | J6: Q2 2026 | K6: High
A7: Engineering | B7: Improve reliability | C7: Raise uptime | D7: % | E7: 99 | F7: 99.6 | G7: 99.9 | H7: =IF(OR(E7="",(G7-E7)=0),"",(F7-E7)/(G7-E7)) -> 0.66666667 | I7: =IF(H7="","",IF(H7>=1,"Complete",IF(H7>=0.7,"On Track",IF(H7>=0.4,"At Risk","Behind")))) -> At Risk | J7: Q2 2026 | K7: Medium
A8: Marketing | B8: Build awareness | C8: Grow web traffic | D8: K visits/mo | E8: 40 | F8: 62 | G8: 80 | H8: =IF(OR(E8="",(G8-E8)=0),"",(F8-E8)/(G8-E8)) -> 0.55 | I8: =IF(H8="","",IF(H8>=1,"Complete",IF(H8>=0.7,"On Track",IF(H8>=0.4,"At Risk","Behind")))) -> At Risk | J8: Q2 2026 | K8: Medium
A9: Marketing | B9: Build awareness | C9: Lift email subs | D9: K subs | E9: 10 | F9: 12 | G9: 18 | H9: =IF(OR(E9="",(G9-E9)=0),"",(F9-E9)/(G9-E9)) -> 0.25 | I9: =IF(H9="","",IF(H9>=1,"Complete",IF(H9>=0.7,"On Track",IF(H9>=0.4,"At Risk","Behind")))) -> Behind | J9: Q2 2026 | K9: Low
A10: Operations | B10: Improve efficiency | C10: Reduce cost per order | D10: $ | E10: 5.2 | F10: 4.6 | G10: 4 | H10: =IF(OR(E10="",(G10-E10)=0),"",(F10-E10)/(G10-E10)) -> 0.5 | I10: =IF(H10="","",IF(H10>=1,"Complete",IF(H10>=0.7,"On Track",IF(H10>=0.4,"At Risk","Behind")))) -> At Risk | J10: Q2 2026 | K10: Medium
A11: Operations | B11: Improve efficiency | C11: Speed up fulfilment | D11: Hours | E11: 48 | F11: 24 | G11: 24 | H11: =IF(OR(E11="",(G11-E11)=0),"",(F11-E11)/(G11-E11)) -> 1 | I11: =IF(H11="","",IF(H11>=1,"Complete",IF(H11>=0.7,"On Track",IF(H11>=0.4,"At Risk","Behind")))) -> Complete | J11: Q2 2026 | K11: High
A12: HR | B12: Strengthen team | C12: Cut time to hire | D12: Days | E12: 55 | F12: 42 | G12: 35 | H12: =IF(OR(E12="",(G12-E12)=0),"",(F12-E12)/(G12-E12)) -> 0.65 | I12: =IF(H12="","",IF(H12>=1,"Complete",IF(H12>=0.7,"On Track",IF(H12>=0.4,"At Risk","Behind")))) -> At Risk | J12: Q2 2026 | K12: Medium
A13: HR | B13: Strengthen team | C13: Raise engagement | D13: Score | E13: 72 | F13: 76 | G13: 82 | H13: =IF(OR(E13="",(G13-E13)=0),"",(F13-E13)/(G13-E13)) -> 0.4 | I13: =IF(H13="","",IF(H13>=1,"Complete",IF(H13>=0.7,"On Track",IF(H13>=0.4,"At Risk","Behind")))) -> At Risk | J13: Q2 2026 | K13: Low
A14: Finance | B14: Tighten controls | C14: Close books faster | D14: Days | E14: 10 | F14: 5 | G14: 5 | H14: =IF(OR(E14="",(G14-E14)=0),"",(F14-E14)/(G14-E14)) -> 1 | I14: =IF(H14="","",IF(H14>=1,"Complete",IF(H14>=0.7,"On Track",IF(H14>=0.4,"At Risk","Behind")))) -> Complete | J14: Q2 2026 | K14: High
A15: Finance | B15: Tighten controls | C15: Cut overdue invoices | D15: % | E15: 18 | F15: 12 | G15: 8 | H15: =IF(OR(E15="",(G15-E15)=0),"",(F15-E15)/(G15-E15)) -> 0.6 | I15: =IF(H15="","",IF(H15>=1,"Complete",IF(H15>=0.7,"On Track",IF(H15>=0.4,"At Risk","Behind")))) -> At Risk | J15: Q2 2026 | K15: Medium
H16: =IF(OR(E16="",(G16-E16)=0),"",(F16-E16)/(G16-E16)) | I16: =IF(H16="","",IF(H16>=1,"Complete",IF(H16>=0.7,"On Track",IF(H16>=0.4,"At Risk","Behind"))))
H17: =IF(OR(E17="",(G17-E17)=0),"",(F17-E17)/(G17-E17)) | I17: =IF(H17="","",IF(H17>=1,"Complete",IF(H17>=0.7,"On Track",IF(H17>=0.4,"At Risk","Behind"))))
H18: =IF(OR(E18="",(G18-E18)=0),"",(F18-E18)/(G18-E18)) | I18: =IF(H18="","",IF(H18>=1,"Complete",IF(H18>=0.7,"On Track",IF(H18>=0.4,"At Risk","Behind"))))
H19: =IF(OR(E19="",(G19-E19)=0),"",(F19-E19)/(G19-E19)) | I19: =IF(H19="","",IF(H19>=1,"Complete",IF(H19>=0.7,"On Track",IF(H19>=0.4,"At Risk","Behind"))))
H20: =IF(OR(E20="",(G20-E20)=0),"",(F20-E20)/(G20-E20)) | I20: =IF(H20="","",IF(H20>=1,"Complete",IF(H20>=0.7,"On Track",IF(H20>=0.4,"At Risk","Behind"))))
H21: =IF(OR(E21="",(G21-E21)=0),"",(F21-E21)/(G21-E21)) | I21: =IF(H21="","",IF(H21>=1,"Complete",IF(H21>=0.7,"On Track",IF(H21>=0.4,"At Risk","Behind"))))
H22: =IF(OR(E22="",(G22-E22)=0),"",(F22-E22)/(G22-E22)) | I22: =IF(H22="","",IF(H22>=1,"Complete",IF(H22>=0.7,"On Track",IF(H22>=0.4,"At Risk","Behind"))))
H23: =IF(OR(E23="",(G23-E23)=0),"",(F23-E23)/(G23-E23)) | I23: =IF(H23="","",IF(H23>=1,"Complete",IF(H23>=0.7,"On Track",IF(H23>=0.4,"At Risk","Behind"))))
H24: =IF(OR(E24="",(G24-E24)=0),"",(F24-E24)/(G24-E24)) | I24: =IF(H24="","",IF(H24>=1,"Complete",IF(H24>=0.7,"On Track",IF(H24>=0.4,"At Risk","Behind"))))
H25: =IF(OR(E25="",(G25-E25)=0),"",(F25-E25)/(G25-E25)) | I25: =IF(H25="","",IF(H25>=1,"Complete",IF(H25>=0.7,"On Track",IF(H25>=0.4,"At Risk","Behind"))))
H26: =IF(OR(E26="",(G26-E26)=0),"",(F26-E26)/(G26-E26)) | I26: =IF(H26="","",IF(H26>=1,"Complete",IF(H26>=0.7,"On Track",IF(H26>=0.4,"At Risk","Behind"))))
H27: =IF(OR(E27="",(G27-E27)=0),"",(F27-E27)/(G27-E27)) | I27: =IF(H27="","",IF(H27>=1,"Complete",IF(H27>=0.7,"On Track",IF(H27>=0.4,"At Risk","Behind"))))
... H43: =IF(OR(E43="",(G43-E43)=0),"",(F43-E43)/(G43-E43)) | I43: =IF(H43="","",IF(H43>=1,"Complete",IF(H43>=0.7,"On Track",IF(H43>=0.4,"At Risk","Behind"))))

Sheet Lists
A1: Dropdown Lists
A3: Quarter | B3: Confidence
A4: Q1 2026 | B4: High
A5: Q2 2026 | B5: Medium
A6: Q3 2026 | B6: Low
A7: Q4 2026
